 Dungeon Crawl Stone Soup version 0.26-a0-542-gbaa144ba5c (console) character file.

Game seed: 9528842262076758038

72601 FIQ the Fighter (level 15, -5/125 HPs)
             Began as a Gnoll Wanderer on Aug 17, 2020.
             Was an Initiate of Gozag.
             Slain by a demonic crawler (6 damage)
             ... led by a torpor snail
             ... on level 1 of the Spider Nest on Aug 18, 2020.
             The game lasted 01:31:19 (25476 turns).

FIQ the Fighter (Gnoll Wanderer)                   Turns: 25476, Time: 01:31:19

Health: -5/125     AC: 19    Str: 28    XL:     15   Next: 40%
Magic:  29/31      EV:  9    Int: 14    God:    Gozag
Gold:   76         SH:  0    Dex: 14    Spells: 13/34 levels left

rFire    + . .     SeeInvis .   R - +7 quick blade (flame)
rCold    + + .     Faith    .   c - +0 buckler
rNeg     . . .     Spirit   .   Y - +4 scale mail of the Ecumenical Temple {rC+}
rPois    +         Reflect  .   x - +2 hat
rElec    +         Harm     .   X - +0 cloak (curse)
rCorr    +                      P - +0 pair of gloves {archery}
MR       +....                  A - +0 pair of boots
Stlth    +++.......             p - amulet of regeneration
HPRegen  0.70/turn              l - +6 ring of strength
MPRegen  0.22/turn              N - +4 ring of slaying

@: resistant, marked, wereblooded, stab, held, slowed, invisible, very slow
A: distributed training, fangs 1, high mp 1, poison resistance, strong nose
a: Potion Petition, Call Merchant, Bribe Branch, Renounce Religion


You were on level 1 of the Spider Nest.
You worshipped Gozag.
Gozag was noncommittal.
You visited 5 branches of the dungeon, and saw 23 of its levels.

You collected 6785 gold pieces.
You spent 1620 gold pieces at shops.
You paid 5089 gold pieces to Gozag.

Inventory:

Hand Weapons
 a - the +5 trident of the Equinox {holy, rF+ Str+2 Int+6}
   (You found it on level 4 of the Dungeon)

   It has been blessed by the Shining One to cause great damage to the undead
   and demons.
   It affects your strength (+2).
   It affects your intelligence (+6).
   It protects you from fire.
 b - the +6 hand crossbow of Uncomfortable Rashes {venom, *Slow rPois rF+++ rN+}
   (You found it on level 6 of the Lair of Beasts)

   It poisons the ammo it fires.
   It renders you almost immune to fire.
   It protects you from poison.
   It protects you from negative energy.
   It may slow you when you take damage.
 w - a +2 falchion
 R - a +7 quick blade of flaming (weapon)
 S - the +5 scimitar of the Spider {elec, *Slow +Rage MR++}
   (You found it on level 12 of the Dungeon)

   Occasionally, upon striking a foe, it will discharge some electrical energy
   and cause terrible harm.
   It affects your resistance to hostile enchantments.
   It lets you go berserk.
   It may slow you when you take damage.
Missiles
 v - 444 bolts
Armour
 c - a +0 buckler (worn)
 x - a +2 hat (worn)
 y - the +0 ring mail of Divine Compulsion {Rampage rElec MR+ rCorr}
   (You found it on level 4 of the Dungeon)

   It insulates you from electricity.
   It affects your resistance to hostile enchantments.
   It provides partial protection from all sources of acid and corrosion.
   It bestows one free step when moving towards enemies.
 A - a +0 pair of boots (worn)
 P - a +0 pair of gloves of archery (worn)
 X - a cursed +0 cloak (worn)
 Y - the +4 scale mail of the Ecumenical Temple (worn) {rC+}
   (You found it on level 3 of the Lair of Beasts)

   It protects you from cold.
Jewellery
 k - an uncursed ring of see invisible
 l - a +6 ring of strength (left hand)
 p - an amulet of regeneration (around neck)
 r - an uncursed ring of stealth {unknown}
 K - a cursed amulet of inaccuracy {unknown}
 N - a +4 ring of slaying (right hand)
 O - an uncursed amulet of magic regeneration
 T - an uncursed ring of wizardry
Wands
 s - a wand of polymorph (8)
 C - a wand of disintegration (41)
 E - a wand of paralysis (34)
 H - a wand of random effects (88)
 I - a wand of digging (10)
 M - a wand of iceblast (17)
 U - a wand of flame (58)
 V - a wand of acid (9)
Scrolls
 e - 3 scrolls of magic mapping
 f - 3 scrolls of identify
 j - 21 scrolls of remove curse
 o - 9 scrolls of amnesia
 t - 10 scrolls of teleportation
 u - a scroll of brand weapon
 B - 5 scrolls of fog
 F - 5 scrolls of enchant armour
 Q - 5 scrolls of blinking
Potions
 d - 2 potions of invisibility {unknown}
 g - 3 potions of might
 h - 3 potions of lignification
 i - a potion of magic
 m - a potion of brilliance
 n - a potion of stabbing {unknown}
 q - 15 potions of curing
 z - 4 potions of cancellation
 G - 2 potions of flight
 L - a potion of resistance
 W - a potion of mutation
 Z - a potion of haste


   Skills:
 + Level 13.8 Fighting
 + Level 10.0 Short Blades
 + Level 10.9 Long Blades
 + Level 10.0 Axes
 + Level 10.0 Maces & Flails
 + Level 10.0 Polearms
 + Level 10.0 Staves
 + Level 10.0 Slings
 + Level 10.0 Bows
 + Level 10.0 Crossbows
 + Level 10.0 Throwing
 + Level 10.0 Armour
 + Level 10.3 Dodging
 + Level 10.0 Stealth
 + Level 10.9 Shields
 + Level 10.0 Unarmed Combat
 + Level 10.0 Spellcasting
 + Level 8.4 Conjurations
 + Level 8.4 Hexes
 + Level 8.4 Summonings
 + Level 8.4 Necromancy
 + Level 8.4 Translocations
 + Level 8.4 Transmutations
 + Level 8.4 Fire Magic
 + Level 8.4 Ice Magic
 + Level 8.4 Air Magic
 + Level 8.4 Earth Magic
 + Level 8.4 Poison Magic
   Level 10.8 Invocations
 + Level 10.0 Evocations


You had 13 spell levels left.
You knew the following spells:

 Your Spells              Type           Power        Failure   Level
a - Dazzling Flash        Conj/Hex       ####..       1%          3
b - Metabolic Englaciati  Hex/Ice        ####......   17%         5
c - Fireball              Conj/Fire      ####......   17%         5
d - Freezing Cloud        Conj/Ice/Air   ####......   67%         6
e - Wereblood             Tmut           ####....     1%          2

Your spell library contained the following spells:

 Spells                   Type           Power        Failure   Level
 Beastly Appendage        Tmut           ####..       1%          1
 Corona                   Hex            ####...      1%          1
 Foxfire                  Conj/Fire      ####         1%          1
 Ensorcelled Hibernation  Hex/Ice        ####..       1%          2
 Confusing Touch          Hex            ####....     1%          3
 Conjure Flame            Conj/Fire      ####....     1%          3
 Gell's Gravitas          Tloc           ####......   1%          3
 Inner Flame              Hex/Fire       ####....     1%          3
 Spider Form              Tmut/Pois      ####......   1%          3
 Tukima's Dance           Hex            ####....     1%          3
 Ice Form                 Ice/Tmut       ####....     6%          4
 Petrify                  Tmut/Erth      ####....     6%          4
 Sticky Flame             Conj/Fire      ####....     6%          4
 Blade Hands              Tmut           ####......   17%         5
 Yara's Violent Unravell  Hex/Tmut       ####......   17%         5
 Ozocubu's Refrigeration  Ice            ####......   67%         6
 Simulacrum               Ice/Necr       ####......   67%         6


Dungeon Overview and Level Annotations

Branches:
Dungeon (13/15)            Temple (1/1) D:7            Lair (6/6) D:9
 Shoals (0/4) Lair:4       Spider (1/4) Lair:4          Orc (2/2) D:10
    Elf (0/3) Orc:2        Vaults (0/5) D:13
  Slime: Lair:5-6

Altars:
Ashenzari
Cheibriados
Dithmenos
Elyvilon
Fedhas
Gozag
Hepliaklqana
Kikubaaqudgha
Makhleb
Nemelex Xobeh
Okawaru
Qazlal
Ru
Sif Muna
Trog
Uskayaw
Vehumet
Wu Jian
Xom
Yredelemnul
Zin
The Shining One

Shops:
D:6 }   D:7 ?   D:9 [   D:13 !   Orc:2 *=(?[(*}?}

Annotations:
D:9 2 transporters
Lair:5 exclusion: 5 oklob plants


Innate Abilities, Weirdness & Mutations

Your experience applies equally to all skills.
You have very sharp teeth.
Your uncanny sense of smell can sniff out nearby items.
You have an increased reservoir of magic. (+10% MP)
Your system is resistant to poisons. (rPois)


Message History

You feel protected.
You fade into invisibility!
You feel ready to backstab. The wolf spider hits you.
* * * LOW HITPOINT WARNING * * *
The wolf spider misses you. The jumping spider barely misses you.
The jumping spider bites you but does no damage.
The jumping spider rages.
The redback bites you but does no damage.
The wolf spider hits you!!
* * * LOW HITPOINT WARNING * * *
The wolf spider bites you but does no damage.
The jumping spider barely misses you. The jumping spider bites you.
* * * LOW HITPOINT WARNING * * *
A jumping spider comes into view.
The jumping spider pounces on you but does no damage.
The jumping spider bites you but does no damage.
The demonic crawler hits you.
* * * LOW HITPOINT WARNING * * *
The demonic crawler hits you.
You die...
Your body crumbles into a pile of gold.

$ .# . .. .s # #. #
#.s#.#. ##### ..
.....#. ###.#^#..#
.sssw###.#......
#ys#^#.s.s..# #s@s...s#
∆ #..sss..#..#
#....s#^.#(.####
####sy#^.#.....#
....#.##....#########
∆y..#.###..#^.##..#....
##..## ##..##.....#....
∆#.. #....#...#...###
###..#.#.#..(..#
#...######.#....
####...#..####..#.


You could see a torpor snail, 2 demonic crawlers, 2 wolf spiders, a moth of
wrath, a hornet, 7 jumping spiders, a tarantella and 4 redbacks.

Vanquished Creatures
  Nessos (Lair:6)
  4 dire elephants (Lair:6)
  4 hydras
  Harold (D:8)
  Erolcha (Orc:1)
  An anaconda (Lair:6)
  2 centaur warriors
  6 two-headed ogres
  A tengu warrior (D:13)
  Urug (Lair:1)
  Sonja (Lair:1)
  An unseen horror (D:13)
  Pikel (D:7)
  3 orc knights (Orc:2)
  2 orc sorcerers
  3 deep elf magi
  An ugly thing (D:12)
  3 cyclopes (D:13)
  3 wolf spiders (Spider:1)
  Maurice (D:11)
  21 elephants
  An ice statue (D:12)
  A guardian serpent (shapeshifter) (D:13)
  14 cane toads
  A black mamba (Lair:6)
  A torpor snail (Spider:1)
  Maggie (D:6)
  3 rime drakes
  5 komodo dragons
  A tengu conjurer (D:13)
  An efreet (D:13)
  A demonic crawler (Spider:1)
  A jumping spider (Spider:1)
  3 trolls
  2 polar bears
  10 hippogriffs
  3 blink frogs
  6 dream sheep (Lair:6)
  5 slime creatures (D:12)
  11 redbacks (Spider:1)
  6 tarantellas (Spider:1)
  A vampire (D:13)
  41 yaks
  5 wyverns
  A human (shapeshifter) (D:13)
  A wraith (D:12)
  3 basilisks
  A golden eye (shapeshifter) (D:13)
  Eustachio (D:6)
  2 wargs
  12 porcupines
  10 water moccasins
  37 orc warriors
  7 black bears
  2 necrophages
  4 ice beasts
  5 sky beasts
  11 ogres
  3 phantoms
  16 centaurs
  3 wolves (Lair:3)
  5 crocodiles
  2 big kobolds
  Blork the orc (D:6)
  18 bullfrogs
  2 scorpions
  A water moccasin skeleton (D:8)
  12 killer bees
  13 wights
  7 howler monkeys
  3 electric eels
  2 bullfrog zombies
  3 centaur zombies
  A quasit (D:9)
  9 hounds
  4 jellies
  13 orc priests
  23 orc wizards
  3 centaur skeletons
  Natasha (thrice) (D:2)
  A bullfrog skeleton (D:9)
  An iguana (D:11)
  9 worker ants
  2 hound zombies
  2 hound skeletons
  16 adders
  A shadow imp (D:9)
  3 white imps (D:6)
  An ooze (D:1)
  2 adder skeletons
  2 worms
  7 leopard geckos
  65 orcs
  9 giant cockroaches
  8 goblins
  7 hobgoblins
  4 jackals (D:7)
  3 quokkas
  2 ball pythons
  10 bats
  5 frilled lizards
  A giant cockroach zombie (D:5)
  10 kobolds
  A leopard gecko zombie (D:5)
  A quokka skeleton (D:7)
  11 rats
  2 plants (Lair:6)
616 creatures vanquished.

Vanquished Creatures (others)
  2 dancing weapons
  A quokka (D:2)
  6 fungi
  2 plants (Lair:6)
11 creatures vanquished.

Grand Total: 627 creatures vanquished

Notes
Turn   | Place    | Note
-------+----------+-------------------------------------------
     0 | D:1      | Reached skill level 10 in Fighting
     0 | D:1      | FIQ the Gnoll Wanderer began the quest for the Orb.
     0 | D:1      | FIQ set off with the following items: a +2 falchion, a
                  | scroll of teleportation, a +0 buckler, a +0 robe
     0 | D:1      | Reached XP level 1. HP: 28/28 MP: 1/1
    80 | D:1      | Reached XP level 2. HP: 19/36 MP: 2/2
   658 | D:1      | Reached XP level 3. HP: 42/42 MP: 3/3
   967 | D:2      | Reached skill level 1 in Invocations
  1104 | D:2      | Noticed Natasha
  1115 | D:2      | Killed Natasha
  1115 | D:2      | Reached skill level 1 in Short Blades
  1115 | D:2      | Reached skill level 1 in Axes
  1115 | D:2      | Reached skill level 1 in Maces & Flails
  1115 | D:2      | Reached skill level 1 in Polearms
  1115 | D:2      | Reached skill level 1 in Staves
  1115 | D:2      | Reached skill level 1 in Slings
  1115 | D:2      | Reached skill level 1 in Bows
  1115 | D:2      | Reached skill level 1 in Crossbows
  1115 | D:2      | Reached skill level 1 in Throwing
  1115 | D:2      | Reached skill level 1 in Armour
  1115 | D:2      | Reached skill level 1 in Stealth
  1115 | D:2      | Reached skill level 1 in Unarmed Combat
  1115 | D:2      | Reached skill level 1 in Spellcasting
  1115 | D:2      | Reached skill level 1 in Evocations
  1115 | D:2      | Reached XP level 4. HP: 27/48 MP: 5/5
  1166 | D:2      | Noticed Natasha
  1173 | D:2      | Killed Natasha
  1173 | D:2      | Reached skill level 1 in Conjurations
  1173 | D:2      | Reached skill level 1 in Hexes
  1173 | D:2      | Reached skill level 1 in Summonings
  1173 | D:2      | Reached skill level 1 in Necromancy
  1173 | D:2      | Reached skill level 1 in Translocations
  1173 | D:2      | Reached skill level 1 in Transmutations
  1173 | D:2      | Reached skill level 1 in Fire Magic
  1173 | D:2      | Reached skill level 1 in Ice Magic
  1173 | D:2      | Reached skill level 1 in Air Magic
  1173 | D:2      | Reached skill level 1 in Earth Magic
  1173 | D:2      | Reached skill level 1 in Poison Magic
  1220 | D:2      | Noticed Natasha
  1228 | D:2      | Killed Natasha
  1228 | D:2      | Reached XP level 5. HP: 20/54 MP: 5/7
  1617 | D:2      | Found a white marble altar of Elyvilon.
  2061 | D:3      | Found a faded altar of an unknown god.
  2390 | D:3      | Became a worshipper of Ru the Awakened
  2467 | D:4      | Reached XP level 6. HP: 54/61 MP: 8/8
  2856 | D:4      | Reached skill level 5 in Long Blades
  2856 | D:4      | Reached skill level 5 in Shields
  2981 | D:4      | Reached XP level 7. HP: 66/67 MP: 10/10
  2988 | D:4      | Got a crystal trident
  2989 | D:4      | Identified the +5 trident of the Equinox {holy, rF+ Str+2
                  | Int+6} (You found it on level 4 of the Dungeon)
  3134 | D:4      | Got a crude ring mail
  3145 | D:4      | Identified the +0 ring mail of Divine Compulsion {Rampage
                  | rElec MR+ rCorr} (You found it on level 4 of the Dungeon)
  3602 | D:5      | Entered Level 5 of the Dungeon
  4166 | D:6      | Noticed Eustachio
  4214 | D:6      | Killed Eustachio
  4214 | D:6      | Reached XP level 8. HP: 45/74 MP: 12/12
  4278 | D:6      | Found Ejaczok's Gadget Boutique.
  4482 | D:6      | Noticed Maggie
  4509 | D:6      | Killed Maggie
  4623 | D:6      | Reached skill level 11 in Fighting
  4623 | D:6      | Reached XP level 9. HP: 81/81 MP: 14/14
  4669 | D:6      | Noticed Blork the orc
  4676 | D:6      | Killed Blork the orc
  4747 | D:6      | Found an ancient bone altar of Kikubaaqudgha.
  5014 | D:7      | Found a staircase to the Ecumenical Temple.
  5095 | Temple   | Entered the Ecumenical Temple
  5317 | Temple   | Fell from the grace of Ru
  5317 | Temple   | Became a worshipper of Gozag Ym Sagoz the Greedy
  5403 | D:7      | Reached skill level 5 in Dodging
  5572 | D:7      | Found a glowing golden altar of the Shining One.
  5574 | D:7      | Found an ornate altar of the Wu Jian Council.
  5647 | D:7      | Found a stormy altar of Qazlal.
  5654 | D:7      | Found Upeyjeff's Magic Scroll Shop.
  5852 | D:7      | Bought a scroll of remove curse for 39 gold pieces
  5852 | D:7      | Bought a scroll of random uselessness for 13 gold pieces
  5852 | D:7      | Bought 2 scrolls of blinking for 195 gold pieces
  5852 | D:7      | Bought a scroll of remove curse for 39 gold pieces
  6114 | D:8      | Reached skill level 5 in Invocations
  6249 | D:7      | Gained mutation: You are partially covered in iridescent
                  | scales. (AC +2) [potion of mutation]
  6249 | D:7      | Gained mutation: You are dopey. (Int -2) [potion of
                  | mutation]
  6249 | D:7      | Gained mutation: You have a pair of small antennae on your
                  | head. [potion of mutation]
  6250 | D:7      | Lost mutation: You are partially covered in iridescent
                  | scales. (AC +2) [potion of mutation]
  6250 | D:7      | Lost mutation: You are dopey. (Int -2) [potion of mutation]
  6250 | D:7      | Lost mutation: You have a pair of small antennae on your
                  | head. [potion of mutation]
  6250 | D:7      | Gained mutation: Your magical capacity is low. (-10% MP)
                  | [potion of mutation]
  6250 | D:7      | Gained mutation: You are somewhat resistant to further
                  | mutation. [potion of mutation]
  6406 | D:8      | Noticed Pikel
  6440 | D:7      | Killed Pikel
  6440 | D:7      | Reached XP level 10. HP: 78/88 MP: 15/15
  6522 | D:8      | Reached skill level 5 in Short Blades
  6522 | D:8      | Reached skill level 5 in Axes
  6522 | D:8      | Reached skill level 5 in Maces & Flails
  6522 | D:8      | Reached skill level 5 in Polearms
  6522 | D:8      | Reached skill level 5 in Staves
  6522 | D:8      | Reached skill level 5 in Slings
  6522 | D:8      | Reached skill level 5 in Bows
  6522 | D:8      | Reached skill level 5 in Crossbows
  6522 | D:8      | Reached skill level 5 in Throwing
  6522 | D:8      | Reached skill level 5 in Armour
  6522 | D:8      | Reached skill level 5 in Stealth
  6522 | D:8      | Reached skill level 5 in Unarmed Combat
  6522 | D:8      | Reached skill level 5 in Spellcasting
  6522 | D:8      | Reached skill level 5 in Evocations
  6746 | D:8      | Noticed Harold
  7002 | D:8      | Killed Harold
  7550 | D:7      | Bought a scroll of brand weapon for 260 gold pieces
  7596 | D:9      | Found a staircase to the Lair.
  7636 | Lair:1   | Entered Level 1 of the Lair of Beasts
  7637 | Lair:1   | Noticed Urug
  7871 | D:9      | Found Usemn's Antique Armour Boutique.
  7935 | D:9      | Found a transporter.
  7938 | D:9      | Noticed a brown ugly thing
  7970 | D:9      | Noticed a two-headed ogre
  7972 | D:9      | Noticed an unseen horror
  7974 | D:9      | Noticed a yaktaur captain
  7976 | D:9      | Noticed a yaktaur captain
  7979 | D:9      | Found a transporter.
  7995 | D:9      | Found a stormy altar of Qazlal.
  8850 | D:9      | Reached XP level 11. HP: 76/95 MP: 17/17
  9045 | D:9      | Bought a pair of runed gloves for 157 gold pieces
  9072 | D:10     | Entered Level 10 of the Dungeon
  9320 | D:10     | Found a staircase to the Orcish Mines.
  9343 | D:10     | Reached skill level 5 in Conjurations
  9343 | D:10     | Reached skill level 5 in Hexes
  9343 | D:10     | Reached skill level 5 in Summonings
  9343 | D:10     | Reached skill level 5 in Necromancy
  9343 | D:10     | Reached skill level 5 in Translocations
  9343 | D:10     | Reached skill level 5 in Transmutations
  9343 | D:10     | Reached skill level 5 in Fire Magic
  9343 | D:10     | Reached skill level 5 in Ice Magic
  9343 | D:10     | Reached skill level 5 in Air Magic
  9343 | D:10     | Reached skill level 5 in Earth Magic
  9343 | D:10     | Reached skill level 5 in Poison Magic
  9427 | D:10     | Noticed a two-headed ogre
  9437 | D:10     | Killed a two-headed ogre
  9898 | D:11     | Noticed Maurice
  9926 | D:11     | Killed Maurice
  9926 | D:11     | Reached skill level 12 in Fighting
 10117 | D:11     | Noticed a two-headed ogre
 10288 | D:11     | Noticed a two-headed ogre
 10295 | D:11     | Killed a two-headed ogre
 10529 | D:11     | Noticed a two-headed ogre
 10540 | D:11     | Killed a two-headed ogre
 10947 | Lair:1   | You fall into a shaft and drop 1 floor!
 11055 | Lair:1   | Reached XP level 12. HP: 76/102 MP: 20/20
 11138 | Lair:1   | Learned a level 3 spell: Dazzling Flash
 11157 | Lair:1   | Noticed Sonja
 11191 | Lair:1   | Killed Urug
 11194 | Lair:1   | Killed Sonja
 11977 | Lair:1   | Lost mutation: Your magical capacity is low. (-10% MP)
                  | [potion of mutation]
 11977 | Lair:1   | Lost mutation: You are somewhat resistant to further
                  | mutation. [potion of mutation]
 11977 | Lair:1   | Gained mutation: Scrolls take you a little longer to read.
                  | [potion of mutation]
 11977 | Lair:1   | Gained mutation: You have an increased reservoir of magic.
                  | (+10% MP) [potion of mutation]
 11977 | Lair:1   | Lost mutation: Scrolls take you a little longer to read.
                  | [potion of mutation]
 11977 | Lair:1   | Gained mutation: Your system is resistant to poisons.
                  | (rPois) [potion of mutation]
 12014 | Lair:1   | Learned a level 5 spell: Metabolic Englaciation
 12020 | Lair:1   | Learned a level 5 spell: Fireball
 12027 | Lair:1   | Learned a level 6 spell: Freezing Cloud
 13179 | Lair:3   | Got a pitted scale mail
 13190 | Lair:3   | Identified the +4 scale mail of the Ecumenical Temple {rC+}
                  | (You found it on level 3 of the Lair of Beasts)
 13302 | Lair:3   | Noticed a six-headed hydra
 13313 | Lair:3   | Killed a six-headed hydra
 14533 | Lair:4   | Reached XP level 13. HP: 99/109 MP: 27/27
 14583 | Lair:4   | Found a hole to the Spider Nest.
 14694 | Lair:4   | Found a staircase to the Shoals.
 16386 | Lair:6   | Entered Level 6 of the Lair of Beasts
 16731 | Lair:6   | Noticed Nessos
 16745 | Lair:6   | Killed Nessos
 16745 | Lair:6   | Reached skill level 13 in Fighting
 17298 | Lair:6   | Reached XP level 14. HP: 118/118 MP: 29/29
 17813 | Lair:6   | Reached skill level 10 in Long Blades
 17813 | Lair:6   | Reached skill level 10 in Shields
 18041 | Lair:6   | Noticed a dire elephant
 18054 | Lair:6   | Noticed a dire elephant
 18054 | Lair:6   | Noticed a dire elephant
 18216 | Lair:6   | Killed a dire elephant
 18218 | Lair:6   | Noticed a dire elephant
 18234 | Lair:6   | Noticed a dire elephant
 18239 | Lair:6   | Killed a dire elephant
 18259 | Lair:6   | Killed a dire elephant
 18293 | Lair:6   | Noticed a dire elephant
 18795 | Lair:6   | Killed a dire elephant
 18869 | Lair:6   | Got an iridescent hand crossbow
 18870 | Lair:6   | Identified the +6 hand crossbow of Uncomfortable Rashes
                  | {venom, *Slow rPois rF+++ rN+} (You found it on level 6 of
                  | the Lair of Beasts)
 20207 | D:12     | Reached skill level 10 in Invocations
 21108 | D:12     | Got an encrusted scimitar
 21111 | D:12     | Identified the +5 scimitar of the Spider {elec, *Slow +Rage
                  | MR++} (You found it on level 12 of the Dungeon)
 21124 | D:12     | Learned a level 2 spell: Wereblood
 21662 | D:13     | Found a gate to the Vaults.
 21882 | D:13     | Found the +4 skin of Zhor {Englaciate rC+++ SInv}
 22130 | D:13     | Found Yleb's Distillery.
 22207 | D:11     | Reached skill level 10 in Dodging
 22223 | Orc:1    | Entered Level 1 of the Orcish Mines
 22545 | Orc:1    | Noticed Erolcha
 22553 | Orc:1    | Killed Erolcha
 22553 | Orc:1    | Reached XP level 15. HP: 124/124 MP: 31/31
 22878 | Orc:2    | Entered Level 2 of the Orcish Mines
 23043 | Orc:2    | Found Joucugg's Magic Scroll Shop.
 23046 | Orc:2    | Found Yfyck's Gadget Boutique.
 23619 | Orc:2    | Found Sohaetho's Armour Emporium.
 23619 | Orc:2    | Found Evvy's Magic Scroll Boutique.
 23621 | Orc:2    | Found Vuifysch's Antique Weapon Shop.
 23623 | Orc:2    | Found Janoejup's Weapon Shoppe.
 23632 | Orc:2    | Bought a scroll of acquirement for 728 gold pieces
 24005 | Orc:2    | Acquired a +4 quick blade
 24183 | Orc:2    | Found a staircase to the Elven Halls.
 24350 | Orc:2    | Found Obba Siy's Assorted Antiques.
 24358 | Orc:2    | Bought a distressingly furry scale mail for 189 gold pieces
 24358 | Orc:2    | Identified the +1 scale mail "Yzaukkikos" {MP-9 Int+6} (You
                  | bought it in a shop on level 2 of the Orcish Mines)
 24391 | Orc:2    | Found Woyrykaf's Gadget Shoppe.
 24941 | Spider:1 | Entered Level 1 of the Spider Nest
 25117 | Spider:1 | Reached skill level 10 in Short Blades
 25117 | Spider:1 | Reached skill level 10 in Axes
 25117 | Spider:1 | Reached skill level 10 in Maces & Flails
 25117 | Spider:1 | Reached skill level 10 in Polearms
 25117 | Spider:1 | Reached skill level 10 in Staves
 25117 | Spider:1 | Reached skill level 10 in Slings
 25117 | Spider:1 | Reached skill level 10 in Bows
 25117 | Spider:1 | Reached skill level 10 in Crossbows
 25117 | Spider:1 | Reached skill level 10 in Throwing
 25117 | Spider:1 | Reached skill level 10 in Armour
 25117 | Spider:1 | Reached skill level 10 in Stealth
 25117 | Spider:1 | Reached skill level 10 in Unarmed Combat
 25117 | Spider:1 | Reached skill level 10 in Spellcasting
 25117 | Spider:1 | Reached skill level 10 in Evocations
 25476 | Spider:1 | HP: 1/125 [demonic crawler[a torpor snail] (6)]
 25476 | Spider:1 | Slain by a demonic crawler

Illustrated notes

Levels and vault maps discovered:
D:1:      psy_arrival_fountain, layout_basic, chequers_serial_rivers_room_b
D:2:      layout_rooms, elyvilon_altar_4, uniq_natasha
D:3:      minmay_wonky_spiral, layout_rooms, chequers_ecumenical_altar_lobes
D:4:      layout_basic
D:5:      layout_basic
D:6:      layout_cave_pools, kennysheep_mini, serial_shops, shop, uniq_maggie,
          uniq_blork_the_orc, uniq_eustachio
D:7:      layout_rooms, minitemple, minmay_temple_entry_large_hall, basic_altar,
          serial_shops, shop_scrolls
D:8:      layout_gridville, uniq_harold, uniq_pikel
D:9:      gammafunk_sealed_arena, layout_irregular_city, lemuel_round_altar,
          lair_entry_dummy, serial_shops, shop, small_chamber_with_monster
D:10:     layout_loops_ring, orc_0_dummy
D:11:     layout_loops_ring, uniq_maurice
D:12:     layout_irregular_city, minivault_16
D:13:     layout_roguey, erik_vaults_1, serial_shops, nicolae_shop_statue_plus
Temple:   dpeg_five_rooms_temple
Lair:1:   layout_regular_city, gammafunk_lair_bear_cave, uniq_sonja, uniq_urug
Lair:2:   layout_long_grid
Lair:3:   layout_concentric_octagons
Lair:4:   layout_regular_city, shoals_dummy_entry, dummy_spider_entry,
          grunt_megastairs_3
Lair:5:   layout_regular_city, minmay_slime_entry_oklob_enclosed, st_stairs_12,
          serial_bayou_shore_a, minmay_lair_oklob_chamber
Lair:6:   due_jungle_book, layout_regular_city, uniq_nessos
Spider:1: layout_spider_delve, uniq_rupert
Orc:1:    layout_diamond_mine, nicolae_orc_pool_cavern, uniq_erolcha
Orc:2:    st_orc_rangers, layout_diamond_mine, serial_shops, shop, shop, shop,
          shop, mines_bat_river

Skill      XL: |  1  2  3  4  5  6  7  8  9 10 11 12 13 14 15 |
---------------+----------------------------------------------+-----
Fighting       | 11 12 13 | 13.8
Invocations    | 1 2 3 4 5 6 7 8 9 10 | 10.8
Short Blades   | 1 2 3 4 5 6 7 8 9 10 | 10.0
Axes           | 1 2 3 4 5 6 7 8 9 10 | 10.0
Maces & Flails | 1 2 3 4 5 6 7 8 9 10 | 10.0
Polearms       | 1 2 3 4 5 6 7 8 9 10 | 10.0
Staves         | 1 2 3 4 5 6 7 8 9 10 | 10.0
Slings         | 1 2 3 4 5 6 7 8 9 10 | 10.0
Bows           | 1 2 3 4 5 6 7 8 9 10 | 10.0
Crossbows      | 1 2 3 4 5 6 7 8 9 10 | 10.0
Throwing       | 1 2 3 4 5 6 7 8 9 10 | 10.0
Armour         | 1 2 3 4 5 6 7 8 9 10 | 10.0
Stealth        | 1 2 3 4 5 6 7 8 9 10 | 10.0
Unarmed Combat | 1 2 3 4 5 6 7 8 9 10 | 10.0
Spellcasting   | 1 2 3 4 5 6 7 8 9 10 | 10.0
Evocations     | 1 2 3 4 5 6 7 8 9 10 | 10.0
Conjurations   | 1 2 3 4 5 6 7 8 |  8.4
Hexes          | 1 2 3 4 5 6 7 8 |  8.4
Summonings     | 1 2 3 4 5 6 7 8 |  8.4
Necromancy     | 1 2 3 4 5 6 7 8 |  8.4
Translocations | 1 2 3 4 5 6 7 8 |  8.4
Transmutations | 1 2 3 4 5 6 7 8 |  8.4
Fire Magic     | 1 2 3 4 5 6 7 8 |  8.4
Ice Magic      | 1 2 3 4 5 6 7 8 |  8.4
Air Magic      | 1 2 3 4 5 6 7 8 |  8.4
Earth Magic    | 1 2 3 4 5 6 7 8 |  8.4
Poison Magic   | 1 2 3 4 5 6 7 8 |  8.4
Dodging        | 3 4 5 6 7 8 9 10 | 10.3
Long Blades    | 5 6 7 8 9 10 | 10.9
Shields        | 5 6 7 8 9 10 | 10.9

Action                   |  1- 3 |  4- 6 |  7- 9 | 10-12 | 13-15 || total
-------------------------+-------+-------+-------+-------+-------++-------
Melee: Falchion          |    64 |   126 |     1 |       |       ||   191
       Bite              |     8 |    15 |    38 |    89 |   203 ||   353
       Trident           |       |       |   332 |   680 |  1074 ||  2086
       Unarmed           |       |       |       |     1 |       ||     1
       Quick blade       |       |       |       |       |   177 ||   177
 Cast: Metabolic Englaci |       |       |       |     2 |    10 ||    12
       Dazzling Flash    |       |       |       |     1 |     1 ||     2
       Fireball          |       |       |       |       |     3 ||     3
       Wereblood         |       |       |       |       |     2 ||     2
Invok: Potion Petition   |       |       |     1 |     1 |     7 ||     9
       Call Merchant     |       |       |       |       |     2 ||     2
Evoke: Wand              |       |       |       |     3 |    19 ||    22
  Use: Scroll            |       |     2 |     3 |    13 |    12 ||    30
       Potion            |       |     1 |     4 |     2 |     2 ||     9
 Stab: Sleeping          |     1 |     5 |     4 |    28 |    24 ||    62
       Distracted        |       |       |     1 |     8 |     8 ||    17
       Invisible         |       |       |       |     2 |     3 ||     5
Armor: Robe              |     7 |     8 |       |       |       ||    15
       Ring mail         |       |       |   123 |   122 |     6 ||   251
       Skin              |       |       |     8 |     1 |    14 ||    23
       Scale mail        |       |       |       |     2 |   376 ||   378
Dodge: Dodged            |    38 |    73 |   217 |   391 |   713 ||  1432
Block: Buckler           |    14 |    22 |    98 |   166 |   360 ||   660
       Rpst.: Falchion   |     9 |    24 |       |       |       ||    33

Table legend: (Time is in decaauts)
 A = Elapsed time spent in this place.
 B = Non-inter-level travel time spent in this place.
 C = Inter-level travel time spent in this place.
 D = Time resting spent in this place.
 E = Time spent auto-exploring this place.
 F = Levels seen in this place.
 G = Mean time per level.
                   A        B        C        D        E       F      G
               +--------+--------+--------+--------+--------+-----+--------+
         Total |  25284 |  22679 |   2605 |     47 |  17427 |  23 | 1099.3 |
       Dungeon |  13641 |  12145 |   1496 |     40 |   9314 |  13 | 1049.3 |
        Temple |    256 |    197 |     59 |      0 |    192 |   1 |  256.0 |
          Lair |   8479 |   7516 |    963 |      7 |   5846 |   6 | 1413.2 |
   Spider Nest |    477 |    477 |      0 |      0 |    417 |   1 |  477.0 |
  Orcish Mines |   2430 |   2345 |     85 |      0 |   1658 |   2 | 1215.0 |
               +--------+--------+--------+--------+--------+-----+--------+

Top non-repeatable levels by time:
  Lair:6: 2165 daAuts
     D:9: 1772 daAuts
  Lair:5: 1478 daAuts
    D:12: 1408 daAuts
  Lair:1: 1404 daAuts
   Orc:2: 1401 daAuts
  Lair:3: 1384 daAuts
     D:8: 1226 daAuts
    D:11: 1196 daAuts
     D:7: 1171 daAuts
  Lair:4: 1106 daAuts
     D:4: 1075 daAuts
   Orc:1: 1029 daAuts
    D:13: 979 daAuts
     D:1: 962 daAuts
